 Dungeon Crawl Stone Soup version 0.24-a0-388-gb57f36d6e0 (webtiles) character file.

Game seed: 3275353495552965136

1148 Peloso the Slasher (level 8, -5/68 HPs)
             Began as a Minotaur Fighter on June 4, 2019.
             Was a Follower of Okawaru.
             Slain by an orc warrior
             ... wielding a +1 halberd of protection
              (12 damage)
             ... on level 6 of the Dungeon.
             The game lasted 00:10:33 (4756 turns).

Peloso the Slasher (Minotaur Fighter)               Turns: 4756, Time: 00:10:34

Health: -5/68      AC: 12    Str: 21    XL:     8   Next: 15%
Magic:  7/7        EV:  7    Int:  7    God:    Okawaru [*.....]
Gold:   171        SH: 11    Dex: 12    Spells: 7/7 levels left

rFire    . . .     SeeInvis .   a - +0 long sword
rCold    . . .     Gourm    .   c - +1 shield
rNeg     . . .     Faith    +   r - +0 chain mail
rPois    .         Spirit   .   (helmet restricted)
rElec    .         Reflect  .   A - +0 cloak
rCorr    +         Harm     .   y - +0 pair of gloves
MR       .....                  (no boots)
Stlth    ..........             C - amulet of faith
HPRegen  0.21/turn              h - ring of resist corrosion
MPRegen  0.10/turn              u - +2 ring of intelligence

@: no status effects
A: retaliatory headbutt, horns 2
a: Heroism, Renounce Religion


You were on level 6 of the Dungeon.
You worshipped Okawaru.
Okawaru was aware of your devotion.
You were not hungry.

You visited 1 branch of the dungeon, and saw 6 of its levels.

You collected 171 gold pieces.

Inventory:

Hand Weapons
 a - a +0 long sword (weapon)
Armour
 b - a +0 scale mail
 c - a +1 shield (worn)
 r - a +0 chain mail (worn)
 y - a +0 pair of gloves (worn)
 A - a +0 cloak (worn)
Jewellery
 h - a ring of resist corrosion (left hand)
 l - an uncursed ring of wizardry
 p - an uncursed ring of magical power
 q - an uncursed amulet of rage
 t - an uncursed ring of flight
 u - a +2 ring of intelligence (right hand)
 C - an amulet of faith (around neck)
Wands
 o - a wand of scattershot (2)
 v - a wand of iceblast (4)
Scrolls
 e - a scroll of fog
 g - a scroll of identify
 i - 3 scrolls of fear
 j - a scroll of magic mapping
 k - 3 scrolls of enchant armour
 n - 3 scrolls of teleportation
 x - a scroll of remove curse
Potions
 d - 2 potions of might
 m - 2 potions of curing
 s - 2 potions of haste {unknown}
 w - 2 potions of heal wounds {unknown}
 z - a potion of invisibility {unknown}
 B - 2 potions of lignification {unknown}
 E - 2 potions of flight {unknown}
Comestibles
 f - 8 rations


   Skills:
 + Level 5.3 Fighting
 + Level 7.0 Long Blades
 + Level 6.4 Armour
 + Level 2.7 Dodging
 + Level 0.3 Stealth
 + Level 6.9 Shields


You had 7 spell levels left.
You didn't know any spells.
Your spell library was empty.

Dungeon Overview and Level Annotations

Branches:
Dungeon (6/15)             Temple (0/1) D:6

Altars:
Cheibriados
Dithmenos
Gozag
Kikubaaqudgha
Nemelex Xobeh
Okawaru
Wu Jian
Xom

Shops:
D:4 (

Annotations:
D:4 3 runed translucent doors, firegrace's ghost, amateur GrFi


Innate Abilities, Weirdness & Mutations

You reflexively headbutt those who attack you in melee.
You have a pair of horns on your head.


Message History

You block the orc warrior's attack.
The orc hits you from afar with a +0 trident.
You closely miss the orc warrior.
The orc warrior is moderately wounded.
The orc warrior hits you with a +1 halberd of protection!
* * * LOW HITPOINT WARNING * * *
The orc barely misses you.
You closely miss the orc warrior.
The orc warrior is moderately wounded.
The orc warrior barely misses you. You block the orc's attack.
You hit the orc warrior but do no damage.
The orc warrior is moderately wounded.
The orc warrior hits you with a +1 halberd of protection!
* * * LOW HITPOINT WARNING * * *
The orc hits you from afar with a +0 trident.
* * * LOW HITPOINT WARNING * * *
You slash the orc warrior! You headbutt the orc warrior!
The orc warrior is almost dead.
The orc warrior hits you with a +1 halberd of protection!
You die...

. #...... ..# #....# ..
#....# .###.####....#
.............#
###.##.....(# #. #[...oo#
#.# #....#o# #.# #....#@#
#.# . #....#.# #.# .
#....#8# #.# .
.######.>#######.#######.
........8................
########.........##(.....
#.........##......
#.....[...##......
#.........##....†.


You could see an orc warrior and 2 orcs.

Vanquished Creatures
  An orc warrior (D:6)
  2 ice beasts
  A scorpion (D:5)
  A howler monkey (D:5)
  A crimson imp (D:6)
  A hound (D:6)
  A gnoll shaman (D:5)
  6 orc priests
  A bullfrog skeleton (D:5)
  2 orc wizards
  5 worker ants
  A hound zombie (D:6)
  A hound skeleton (D:5)
  9 gnolls
  6 adders
  A shadow imp (D:5)
  2 adder zombies
  3 worms
  3 leopard geckos
  11 orcs
  6 bats
  2 bat zombies (D:2)
  2 giant cockroaches
  11 goblins
  10 hobgoblins
  16 jackals
  8 quokkas
  4 frilled lizards
  5 giant cockroach zombies (D:2)
  A jackal zombie (D:2)
  4 kobolds
  A leopard gecko skeleton (D:4)
  10 rats
139 creatures vanquished.

Vanquished Creatures (others)
  A human (D:3)
1 creature vanquished.

Grand Total: 140 creatures vanquished

Notes
Turn   | Place    | Note
-------+----------+-------------------------------------------
     0 | D:1      | Peloso the Minotaur Fighter began the quest for the Orb.
     0 | D:1      | Reached XP level 1. HP: 19/19 MP: 0/0
   269 | D:1      | Reached XP level 2. HP: 27/27 MP: 1/1
   927 | D:2      | Reached skill level 3 in Long Blades
   927 | D:2      | Reached XP level 3. HP: 33/33 MP: 2/2
   976 | D:2      | Found a shimmering altar of Xom.
  1584 | D:2      | Reached XP level 4. HP: 39/40 MP: 3/3
  1814 | D:3      | Found a snail-covered altar of Cheibriados.
  1817 | D:3      | Found an ornate altar of the Wu Jian Council.
  2212 | D:3      | Reached XP level 5. HP: 46/46 MP: 4/4
  2501 | D:3      | Found an ancient bone altar of Kikubaaqudgha.
  2502 | D:3      | Noticed a human
  2505 | D:3      | Killed a human
  2920 | D:4      | Found Byule Zoinn's Antique Weapon Boutique.
  2934 | D:4      | Reached skill level 4 in Long Blades
  2934 | D:4      | Reached skill level 1 in Dodging
  2934 | D:4      | Reached skill level 5 in Shields
  3110 | D:4      | Reached XP level 6. HP: 32/53 MP: 5/5
  3467 | D:4      | Reached skill level 5 in Armour
  3678 | D:4      | Found a runed translucent gate.
  3679 | D:4      | Found a runed translucent gate.
  3680 | D:4      | Found a runed translucent gate.
  3683 | D:4      | Noticed firegrace's ghost (amateur GrFi)
  3763 | D:5      | Entered Level 5 of the Dungeon
  3768 | D:5      | Found an iron altar of Okawaru.
  3771 | D:5      | Became a worshipper of Warmaster Okawaru
  3900 | D:5      | Found a sparkling altar of Nemelex Xobeh.
  3934 | D:5      | Reached skill level 5 in Long Blades
  3968 | D:5      | Found a shadowy altar of Dithmenos.
  4058 | D:5      | Reached XP level 7. HP: 60/60 MP: 6/6
  4331 | D:5      | Reached * piety under Okawaru
  4486 | D:6      | Reached skill level 5 in Fighting
  4486 | D:6      | Reached skill level 6 in Long Blades
  4532 | D:6      | Reached XP level 8. HP: 40/68 MP: 7/7
  4710 | D:6      | Found a staircase to the Ecumenical Temple.
  4736 | D:6      | Found an opulent altar of Gozag.
  4750 | D:6      | Reached skill level 7 in Long Blades
  4756 | D:6      | Slain by an orc warrior

Levels and vault maps discovered:
D:1:      dpeg_arrival_line_fractal, layout_loops_corners, minivault_11,
          st_stairs_3
D:2:      layout_basic, nicolae_overflow_hidden_temple, serial_undead,
          serial_undead_d, serial_undead_f, serial_undead_c, serial_undead_c,
          serial_undead_a, serial_undead_e
D:3:      layout_loops_ring, gammafunk_temple_overflow_pools, tgw_kikubaaqudgha
D:4:      layout_basic, gammafunk_ghost_necromancy, serial_shops,
          nicolae_shop_crystal
D:5:      layout_loops_cross, kennysheep_mini_moat, first_ration, basic_altar,
          minivault_1, nemelex_spade_bored_becter
D:6:      layout_basic, temple_statues, nicolae_gozag_seed_capital

Skill      XL: |  1  2  3  4  5  6  7  8 |
---------------+-------------------------+-----
Fighting       | 4 5 |  5.3
Armour         | 4 5 6 |  6.4
Shields        | 4 5 6 |  6.9
Long Blades    | 3 4 5 6 7 |  7.0
Dodging        | 1 2 |  2.7
Stealth        | |  0.3

Action                   |  1- 3 |  4- 6 |  7- 9 || total
-------------------------+-------+-------+-------++-------
Melee: Long sword        |   114 |   241 |   107 ||   462
       Headbutt          |    12 |    42 |    29 ||    83
Evoke: Wand              |       |     2 |     2 ||     4
  Use: Scroll            |       |     9 |       ||     9
  Eat: Chunk             |     2 |     9 |     2 ||    13
Armor: Scale mail        |    55 |    53 |       ||   108
       Chain mail        |       |    70 |    39 ||   109
Dodge: Dodged            |    36 |    80 |    27 ||   143
Block: Shield            |    70 |   162 |    52 ||   284
       Rpst.: Long sword |    10 |    21 |     5 ||    36

Table legend:
 A = Non-vault XP
 B = Vault XP
 C = Vault XP percentage of total XP
 D = Non-vault monster count
 E = Vault monster count
 F = Vault count percentage of total count
                 A         B        C        D         E       F
            +---------+---------+-------+---------+---------+-------
      Total |    1623 |      18 |   1.1 |     128 |      11 |   7.9
            +---------+---------+-------+---------+---------+-------
        D:1 |      27 |       3 |  10.0 |      18 |       2 |  10.0
        D:2 |      55 |      15 |  21.4 |      17 |       9 |  34.6
        D:3 |     122 |       0 |   0.0 |      29 |       0 |   0.0
        D:4 |     333 |       0 |   0.0 |      25 |       0 |   0.0
        D:5 |     523 |       0 |   0.0 |      25 |       0 |   0.0
        D:6 |     563 |       0 |   0.0 |      14 |       0 |   0.0
            +---------+---------+-------+---------+---------+-------
